Map: Ley Lines

Players

IntoTheRough - Winner!

  • Race: Protoss Protoss
  • Spawn Location: 7:00

kitune

  • Race: Zerg Zerg
  • Spawn Location: 1:00

VOD

Have the link to the VOD?

Description

Time

  • Played on: May 26, 2025, 4:27 p.m.
  • Length: 18:54
Show
View Real Time Build Order
Export as new Build Order

IntoTheRough Protoss - Winner!

Build Orders: Carriers, Carrier Rush 

Get SALT Encoding   

  12  0:00  Probe  
  13  0:12  Probe  
  14  0:18  Pylon  
  14  0:24  Probe  
  15  0:34  Probe  
  15  0:38  Gateway  
  15  0:42  Probe  
  16  0:48  Assimilator  
  17  0:51  Probe  
  18  1:03  Probe  
  19  1:17  Probe  
  20  1:26  Cybernetics Core  
  20  1:30  Gateway  
  20  1:37  Cybernetics Core  
  20  1:40  Gateway  
  20  1:44  Probe  
  21  1:53  Pylon  
  21  1:56  Probe  
  22  2:03  Adept  
  24  2:16  Probe  
  24  2:17  Nexus  
  24  2:20  Assimilator  
  25  2:28  Probe  
  26  2:38  Stargate  
  27  2:44  Probe  
  27  2:52  Warp Gate  
  27  2:56  Probe  
  28  3:08  Probe  
  29  3:19  Pylon  
  29  3:20  Probe  
  30  3:27  Void Ray  
  30  3:30  Probe  
  30  3:34  Probe  
  36  3:39  Assimilator  
  36  3:43  Probe, Assimilator  
  36  3:46  Probe  
  38  3:55  Probe  
  39  3:56  Stargate  
  39  3:58  Probe  
  40  4:07  Probe  
  41  4:10  Probe  
  42  4:19  Fleet Beacon, Probe  
  42  4:22  Probe  
  45  4:31  Probe  
  45  4:34  Probe  
  46  4:43  Probe, Pylon  
  47  4:47  Protoss Air Weapons Level 1, Carrier  
  47  4:48  Pylon  
  47  4:49  Probe  
  47  4:50  Carrier  
  47  4:52  Pylon  
  56  5:10  Probe x2  
  62  5:22  Probe  
  62  5:23  Probe  
  64  5:28  Shield Battery  
  64  5:30  Shield Battery  
  64  5:32  Pylon  
  64  5:39  Pylon  
  64  6:01  Nexus  
  64  6:02  Pylon, Carrier  
  70  6:13  Carrier  
  76  6:21  Shield Battery  
  76  6:29  Forge  
  76  6:49  Probe x2  
  78  6:57  Carrier  
  78  7:00  Shield Battery  
  78  7:02  Pylon  
  78  7:04  Pylon  
  84  7:10  Carrier  
  84  7:17  Probe  
  84  7:20  Protoss Air Weapons Level 2  
  90  7:23  Probe x2  
  90  7:29  Probe  
  93  7:34  Photon Cannon  
  93  7:35  Photon Cannon, Probe x2  
  93  7:36  Photon Cannon  
  95  7:45  Shield Battery  
  95  7:49  Shield Battery, Probe x3  
  98  8:01  Probe x3  
  101  8:09  Photon Cannon  
  101  8:14  Carrier  
  101  8:17  Probe  
  101  8:18  Probe x2  
  110  8:26  Carrier  
  116  8:33  Assimilator  
  116  8:36  Assimilator  
  116  8:38  Photon Cannon  
  116  8:41  Photon Cannon  
  116  8:45  Twilight Council  
  116  8:54  Robotics Facility  
  116  9:01  Shield Battery  
  116  9:12  Gateway  
  116  9:16  Pylon  
  80  9:24  Charge  
  116  9:26  Templar Archives  
  116  9:32  Pylon  
  116  9:33  Pylon  
  116  9:38  Gateway  
  116  9:42  Pylon x2  
  116  9:45  Observer  
  125  10:03  Void Ray x2, Psionic Storm  
  125  10:04  High Templar  
  125  10:06  High Templar  
  129  10:11  Immortal  
  129  10:18  Gateway  
  133  10:21  Gateway  
  133  10:23  Robotics Facility  
  133  10:32  Pylon  
  133  10:34  Pylon  
  133  10:38  High Templar x2  
  137  10:48  Void Ray  
  137  10:49  Void Ray  
  145  10:52  Immortal  
  149  11:01  Photon Cannon  
  149  11:03  Photon Cannon  
  149  11:06  Photon Cannon, Immortal, High Templar  
  149  11:10  High Templar  
  157  11:20  Zealot x2  
  157  11:21  Zealot  
  157  11:23  Immortal  
  167  11:33  Protoss Air Weapons Level 3  
  167  11:48  High Templar x2  
  167  11:52  High Templar  
  173  11:58  Pylon  
  173  11:59  Pylon  
  173  12:00  Archon  
  173  12:04  Protoss Ground Weapons Level 1  
  173  12:28  High Templar  
  173  12:29  High Templar x3  
  177  12:39  Archon x2  
  177  12:43  Oracle  
  174  12:49  Zealot  
  176  12:55  Nexus  
  157  13:09  High Templar x2  
  157  13:10  Zealot x2, High Templar  
  167  13:15  Archon  
  163  13:40  High Templar x2  
  167  13:42  High Templar  
  167  13:43  Zealot x2  
  173  13:50  Archon  
  173  13:51  Archon  
  173  13:55  Pylon  
  173  13:59  Pylon  
  169  14:17  Probe x3  
  169  14:20  Gateway  
  169  14:21  Gateway  
  169  14:23  Gateway  
  172  14:31  Photon Cannon  
  172  14:32  Photon Cannon  
  172  14:33  High Templar  
  172  14:34  High Templar x3  
  172  14:35  Photon Cannon  
  172  14:37  Archon  
  172  14:38  Archon  
  180  14:39  Shield Battery  
  180  14:42  Shield Battery  
  180  14:47  Assimilator  
  180  14:50  Assimilator  
  180  14:52  Zealot  
  180  15:08  Zealot x4  
  184  15:16  Zealot x2  
  184  15:17  Zealot x2  
  192  15:30  Immortal  
  192  15:31  Immortal  
  188  15:52  High Templar x2  
  188  15:53  High Templar x2  
  188  15:56  Archon  
  196  15:57  Archon  
  196  16:12  Nexus  
  196  16:14  Pylon  
  196  16:23  Protoss Ground Weapons Level 2  
  147  16:39  High Templar x7  
  155  16:40  High Templar  
  155  16:42  Immortal x2  
  155  16:46  Archon x3  
  165  16:47  Archon  
  165  17:04  Cybernetics Core  
  173  17:13  Void Ray x2  
  169  17:28  Photon Cannon  
  169  17:31  Photon Cannon  
  169  17:32  Zealot x5  
  169  17:33  Zealot x3  
  185  17:45  Shield Battery  
  185  17:46  Shield Battery  
  185  17:58  High Templar x3  
  186  17:59  High Templar x4  
  186  18:02  Archon  
  186  18:03  Archon x2  
  183  18:26  Nexus, Zealot  
  185  18:27  Pylon  
  185  18:36  Probe x3  
  188  18:47  Gateway x2  
Show
View Real Time Build Order
Export as new Build Order

kitune Zerg 

Build Orders: Pool First 

Get SALT Encoding   

  12  0:01  Drone  
  13  0:13  Overlord  
  13  0:17  Drone  
  14  0:31  Drone x2  
  16  0:42  Spawning Pool  
  15  0:45  Drone  
  15  0:48  Drone  
  17  1:09  Hatchery  
  16  1:12  Drone  
  16  1:15  Extractor  
  16  1:29  Zergling x2  
  16  1:30  Zergling x4  
  19  1:36  Queen  
  21  1:41  Drone  
  22  1:52  Overlord  
  22  2:11  Queen  
  24  2:33  Queen  
  24  2:34  Metabolic Boost  
  27  2:37  Drone x2  
  27  2:40  Drone x2  
  30  2:45  Drone x2  
  32  2:54  Zergling x6  
  35  3:04  Lair  
  35  3:08  Drone  
  35  3:09  Extractor  
  35  3:16  Overlord  
  35  3:22  Overlord  
  35  3:33  Drone  
  36  3:37  Drone x2  
  36  3:40  Drone x4  
  42  3:52  Spore Crawler  
  42  3:54  Drone x3  
  44  3:57  Drone  
  45  4:03  Overlord  
  45  4:09  Overseer  
  45  4:15  Spawning Pool  
  45  4:17  Spire  
  44  4:28  Drone  
  44  4:29  Drone x5  
  50  4:41  Hydralisk Den  
  50  4:45  Overlord x2  
  49  4:46  Overlord  
  49  5:03  Extractor  
  49  5:05  Extractor  
  49  5:06  Drone x2  
  49  5:07  Drone  
  50  5:09  Drone x3  
  50  5:11  Drone x2  
  50  5:12  Drone  
  56  5:16  Grooved Spines  
  56  5:18  Hydralisk x2  
  60  5:34  Hydralisk  
  60  5:35  Hydralisk x3  
  68  5:38  Overlord  
  68  5:39  Overlord x2  
  67  6:02  Hydralisk  
  67  6:03  Hydralisk x6  
  81  6:10  Zergling x4  
  81  6:20  Corruptor x2  
  84  6:39  Hydralisk x3  
  86  6:42  Overlord x2  
  86  6:45  Hatchery  
  89  6:47  Muscular Augments  
  89  6:49  Overlord  
  89  7:02  Corruptor  
  89  7:03  Corruptor  
  89  7:07  Overlord  
  92  7:18  Corruptor  
  93  7:24  Zergling x16  
  78  7:47  Corruptor x4  
  78  8:01  Infestation Pit  
  78  8:04  Drone  
  78  8:05  Drone x9  
  87  8:09  Zerg Flyer Weapons Level 1  
  87  8:25  Drone  
  87  8:26  Drone x3  
  91  8:31  Extractor  
  91  8:32  Extractor  
  89  8:36  Hatchery  
  89  8:38  Drone x2  
  89  8:39  Lurker Den  
  89  8:43  Drone x3  
  89  8:45  Drone x3  
  89  8:47  Drone  
  96  8:53  Hive  
  96  9:05  Corruptor x2  
  96  9:06  Corruptor  
  96  9:09  Corruptor  
  104  9:16  Queen  
  106  9:20  Drone x2  
  106  9:21  Drone x3  
  111  9:26  Drone  
  112  9:37  Corruptor  
  114  9:39  Overlord  
  114  9:40  Overlord x6  
  114  9:41  Overlord  
  114  9:49  Extractor  
  114  9:50  Drone x3  
  114  9:51  Extractor  
  114  9:52  Drone x3  
  118  9:54  Corruptor  
  120  10:13  Seismic Spines  
  120  10:20  Evolution Chamber  
  119  10:21  Zerg Flyer Armor Level 1  
  119  10:22  Evolution Chamber, Corruptor  
  119  10:23  Corruptor x3  
  126  10:40  Viper x2  
  132  10:47  Zerg Missile Weapons Level 1  
  132  10:52  Viper  
  132  10:56  Zergling x8  
  132  10:57  Zergling x34  
  156  11:06  Viper  
  156  11:10  Adaptive Talons  
  150  11:52  Corruptor  
  150  11:53  Corruptor x10  
  172  11:57  Lurker  
  173  12:03  Zergling x2  
  173  12:04  Zergling x20  
  173  12:06  Overlord  
  173  12:07  Overlord x6  
  184  12:15  Zerg Flyer Weapons Level 2, Overseer  
  184  12:16  Overseer  
  172  12:42  Queen  
  171  12:47  Corruptor  
  171  12:48  Corruptor x7  
  146  13:08  Hydralisk x9  
  146  13:11  Zergling x2  
  146  13:12  Zergling x6  
  166  13:18  Queen  
  167  13:28  Zergling x18  
  167  13:29  Zergling x4  
  174  13:36  Viper  
  174  13:37  Viper x3  
  182  13:56  Corruptor x3  
  182  13:57  Corruptor  
  182  14:00  Hatchery  
  189  14:11  Ultralisk Cavern  
  188  14:30  Hatchery  
  187  14:48  Zergling x20  
  187  14:49  Zergling x6  
  188  15:13  Hydralisk x2  
  188  15:14  Hydralisk x7  
  180  15:21  Ultralisk  
  180  15:22  Ultralisk x2  
  180  15:25  Zergling x2  
  180  15:26  Zergling x2  
  200  15:31  Extractor  
  191  15:52  Viper x2  
  107  16:36  Corruptor  
  107  16:37  Corruptor x13  
  105  17:19  Ultralisk  
  105  17:20  Ultralisk x4  
  133  17:23  Zergling x30  
  133  17:24  Zergling x18  
  157  17:46  Corruptor x4  
  164  18:05  Corruptor  
  163  18:06  Corruptor x2  
  126  18:26  Zergling x2  
  111  18:27  Zergling x20  
Tags
 
Composition
Carriers
Matchup
PvZ
Opening
Pool First
Spawn Locations
Cross Positions
Strategy
Carrier Rush
Add a new tag
Caveats
  • Supply blocks, unpowered buildings, or Contaminate may cause inaccurate times.
  • Supply counts are checked every 10 seconds.